 Dungeon Crawl Stone Soup version 0.23.2-33-g5129a83184 (webtiles) character file.

Game seed: 4479856723814452867

867 H0rd4k the Thaumaturge (level 7, -8/36 HPs)
             Began as a Deep Elf Wizard on July 13, 2019.
             Mangled by an ogre
             ... wielding a +0 giant spiked club
              (29 damage)
             ... on level 5 of the Dungeon on July 14, 2019.
             The game lasted 00:16:34 (4910 turns).

H0rd4k the Thaumaturge (Deep Elf Wizard)            Turns: 4910, Time: 00:16:35

Health: -8/36      AC:  2    Str:  4    XL:     7   Next: 73%
Magic:  12/21      EV: 13    Int: 25    God:
Gold:   271        SH:  0    Dex: 13    Spells: 14/24 levels left

rFire    . . .     SeeInvis .   (no weapon)
rCold    . . .     Gourm    .   (no shield)
rNeg     . . .     Faith    .   a - +0 robe
rPois    +         Spirit   .   b - +0 hat
rElec    .         Reflect  .   (no cloak)
rCorr    .         Harm     .   (no gloves)
MR       .....                  (no boots)
Stlth    ++........             (no amulet)
HPRegen  0.12/turn              f - ring of poison resistance
MPRegen  0.17/turn              (no ring)

@: no status effects
A: no striking features
a: no special abilities


You were on level 5 of the Dungeon.
You were not hungry.

You visited 2 branches of the dungeon, and saw 7 of its levels.

You collected 271 gold pieces.

Inventory:

Hand Weapons
 m - a +0 blowgun
Missiles
 n - 48 poisoned needles
Armour
 a - a +0 robe (worn)
 b - a +0 hat (worn)
Jewellery
 f - a ring of poison resistance (left hand)
 y - an uncursed amulet of the acrobat {unknown}
Wands
 c - a wand of flame (14)
Scrolls
 g - 7 scrolls of remove curse
 i - a scroll of immolation
 j - a scroll of fog {unknown}
 k - a scroll of noise
 l - a scroll of enchant weapon
 q - a scroll of blinking
 x - a scroll of brand weapon {unknown}
Potions
 e - 2 potions of haste
 h - 4 potions of curing
 o - a potion of ambrosia {unknown}
 p - 2 potions of lignification
 r - a potion of berserk rage {unknown}
 s - 2 potions of brilliance {unknown}
 t - 2 potions of degeneration
 u - 2 potions of heal wounds
 w - a potion of might {unknown}
Comestibles
 d - 8 rations


   Skills:
 + Level 3.4 Dodging
 + Level 3.2 Stealth
 + Level 9.2 Spellcasting
 + Level 4.8 Conjurations
   Level 1.1 Summonings
 + Level 3.0 Translocations
 + Level 2.1 Fire Magic


You had 14 spell levels left.
You knew the following spells:

 Your Spells              Type           Power        Failure   Level  Hunger
a - Magic Dart            Conj           ####         1%          1    None
b - Blink                 Tloc           N/A          2%          2    None
c - Conjure Flame         Conj/Fire      ####....     3%          3    None
d - Confusing Touch       Hex            ##....       5%          1    None
e - Gell's Gravitas       Tloc           ####......   4%          3    None

Your spell library contained the following spells:

 Spells                   Type           Power        Failure   Level  Hunger
 Call Imp                 Summ           ###.....     5%          2    None
 Slow                     Hex            ##......     9%          2    None
 Mephitic Cloud           Conj/Pois/Air  ###.....     9%          3    None
 Confuse                  Hex            ##......     16%         3    None
 Petrify                  Tmut/Erth      ##......     47%         4    #......
 Metabolic Englaciation   Hex/Ice        ##........   83%         5    ####...
 Yara's Violent Unravell  Hex/Tmut       ##........   83%         5    ####...


Dungeon Overview and Level Annotations

Branches:
Dungeon (6/15)             Temple (1/1) D:4

Altars:
Ashenzari
Cheibriados
Dithmenos
Elyvilon
Fedhas
Gozag
Hepliaklqana
Kikubaaqudgha
Nemelex Xobeh
Qazlal
Ru
Uskayaw
Vehumet
Wu Jian
The Shining One

Annotations:
D:5 exclusion: downstairs


Message History

Press: ? - help, Shift-Dir - straight line, f - ogre
Aim: an ogre, wielding a +0 giant spiked club (hasn't noticed you)
The magic dart hits the ogre.
The ogre is lightly wounded.
The ogre shouts!
Casting: Magic Dart (safe; 1% risk of failure)
Confirm with . or Enter, or press ? or * to list all spells.
Aiming: Conjure Flame (safe; 3% risk of failure)
Press: ? - help, Dir - move target cursor, p - ogre The fire ignites!
Casting: Conjure Flame (safe; 3% risk of failure)
Confirm with . or Enter, or press ? or * to list all spells.
Aiming: Gell's Gravitas (safe; 4% risk of failure)
Press: ? - help, Dir - move target cursor Gravity reorients around empty space.
The ogre is engulfed in blazing flames.
The ogre hits you with a +0 giant spiked club!
The ogre is engulfed in blazing flames.
The ogre hits you with a +0 giant spiked club!!
Ouch! That really hurt!
You die...

#.## #...# #.# ## ## ###.# #.#
#.......######.## #.#
#.......##......#
#.######.##.##.##.###..#
#.....##.##.....>...#..########
#####.##.##.........#.........#
...##.##.##..#.##..##.).#####.#
##.#.#.........O@.......#####.###
##.##.##.......##...............#
##.### ####........##.#.##.##.#.#
##.# #.........#....##.##....
##.# #..÷######....(......#.#
...# #..÷# ##...###.####.# ####
#..># ##..# #.####.# # #...# ##.#
#......# ##########...#########.#
####....


You could see an ogre.

Vanquished Creatures
  Eustachio (D:5)
  A slave (D:5)
  A sky beast (D:5)
  2 wights (D:6)
  A howler monkey (D:4)
  2 crimson imps (D:5)
  An orc priest (D:5)
  A centaur zombie (D:3)
  A hound (D:5)
  A bullfrog skeleton (D:5)
  2 worker ants (D:4)
  A hound skeleton (D:4)
  Robin (D:2)
  5 adders
  4 gnolls (D:4)
  3 river rats (D:5)
  2 oozes
  An adder skeleton (D:4)
  3 worms
  4 dart slugs
  4 leopard geckos
  10 orcs
  3 giant cockroaches
  14 goblins
  12 hobgoblins
  6 jackals
  11 kobolds
  5 quokkas
  8 bats
  4 frilled lizards
  13 rats
128 creatures vanquished.

Notes
Turn   | Place    | Note
-------+----------+-------------------------------------------
     0 | D:1      | H0rd4k the Deep Elf Wizard began the quest for the Orb.
     0 | D:1      | Reached XP level 1. HP: 10/10 MP: 7/7
   219 | D:1      | Reached skill level 5 in Spellcasting
   219 | D:1      | Reached XP level 2. HP: 15/15 MP: 5/10
   587 | D:1      | Reached XP level 3. HP: 10/19 MP: 2/12
   591 | D:1      | Learned a level 2 spell: Blink
   595 | D:1      | Learned a level 3 spell: Conjure Flame
  1169 | D:2      | Reached skill level 1 in Fire Magic
  1346 | D:2      | Found a shadowy altar of Dithmenos.
  1424 | D:2      | Noticed Robin
  1444 | D:2      | Killed Robin
  1444 | D:2      | Reached XP level 4. HP: 12/24 MP: 3/13
  1598 | D:2      | Reached skill level 6 in Spellcasting
  2171 | D:3      | Learned a level 1 spell: Confusing Touch
  2175 | D:3      | Learned a level 3 spell: Gell's Gravitas
  2391 | D:3      | Reached XP level 5. HP: 21/28 MP: 11/16
  2877 | D:4      | Reached skill level 7 in Spellcasting
  3129 | D:4      | Reached XP level 6. HP: 32/32 MP: 10/18
  3431 | D:4      | Found a staircase to the Ecumenical Temple.
  3456 | Temple   | Entered the Ecumenical Temple
  3581 | D:5      | Entered Level 5 of the Dungeon
  3584 | D:5      | Noticed Eustachio
  3590 | D:5      | Killed Eustachio
  3590 | D:5      | Reached skill level 8 in Spellcasting
  3876 | D:5      | Noticed a slave
  3926 | D:5      | Reached XP level 7. HP: 19/36 MP: 8/20
  4733 | D:6      | Reached skill level 9 in Spellcasting
  4910 | D:5      | Mangled by an ogre

Skill      XL: |  1  2  3  4  5  6  7 |
---------------+----------------------+-----
Spellcasting   | 5 6 7 8 9 |  9.2
Fire Magic     | 1 2 |  2.1
Conjurations   | 2 3 4 |  4.8
Dodging        | 3 |  3.4
Stealth        | 3 |  3.2
Translocations | 2 3 |  3.0
Summonings     | |  1.1

Action                   |  1- 3 |  4- 6 |  7- 9 || total
-------------------------+-------+-------+-------++-------
 Cast: Magic Dart        |   124 |   191 |    70 ||   385
       Conjure Flame     |       |     5 |     6 ||    11
       Blink             |       |     5 |     1 ||     6
       Gell's Gravitas   |       |     3 |     5 ||     8
  Use: Scroll            |       |    10 |       ||    10
  Eat: Chunk             |     1 |     8 |     3 ||    12
Armor: Robe              |     5 |     5 |     4 ||    14
Dodge: Dodged            |    20 |    25 |    19 ||    64
